 Dungeon Crawl Stone Soup version 0.19-a0-1732-g0b18a7b (webtiles) character file.

46321 dobroeutro the Bludgeoner (level 14, -12/64 HPs)
             Began as a Gargoyle Fighter on Sept 30, 2016.
             Was the Champion of Okawaru.
             Splashed by an oklob plant's acid (16 damage)
             ... on level 6 of the Lair of Beasts.
             The game lasted 00:35:25 (14951 turns).

dobroeutro the Bludgeoner (Gargoyle Fighter)       Turns: 14951, Time: 00:35:26

Health: -12/64     AC: 23    Str: 24    XL:     14   Next: 37%
Magic:  0/18       EV: 13    Int:  9    God:    Okawaru [******]
Gold:   1222       SH: 13    Dex: 10    Spells: 1 memorised, 10 levels left

rFire  . . .     SeeInvis .     U - +3 morningstar (crush)
rCold  . . .     Gourm    .     a - +2 scale mail {rPois}
rNeg   + . .     Faith    .     c - +1 shield
rPois  ∞         Spirit   +     M - +1 hat {Spirit}
rElec  +         Dismiss  .     C - +0 cloak
rCorr  .         Reflect  .     L - +1 pair of gloves
MR     +....     Harm     .     k - +0 pair of boots
Stlth  +.........               D - amulet of regeneration
                                (no ring)
                                w - +4 ring of slaying

@: heroism, corroded
A: big wings, molten scales 1, frail 3, negative energy resistance 1,
electricity resistance, unbreathing, petrification resistance, rot immunity, AC
+9
a: Fly, Heroism, Finesse, Renounce Religion


You were on level 6 of the Lair of Beasts.
You worshipped Okawaru.
Okawaru was exalted by your worship.
You were hungry.

You visited 2 branches of the dungeon, and saw 17 of its levels.

You collected 1222 gold pieces.

Inventory:

Hand Weapons
 y - a +0 morningstar of flaming
 U - a +3 morningstar of crushing (weapon)
Armour
 a - a +2 scale mail of poison resistance (worn)
 c - a +1 shield (worn)
 k - a +0 pair of boots (worn)
 C - a +0 cloak (worn)
 L - a +1 pair of gloves (worn)
 M - a +1 hat of spirit shield (worn)
 R - a +2 ring mail of cold resistance
 S - the +0 hat "Imoduat" {rF- Regen+ Str+4}
   (Okawaru gifted it to you on level 1 of the Lair of Beasts)

   It affects your strength (+4).
   It makes you vulnerable to fire.
   It increases your rate of regeneration.
Jewellery
 w - a +4 ring of slaying (left hand)
 D - an amulet of regeneration (around neck)
 E - an uncursed ring of ice
Wands
 i - a wand of teleportation (5/9)
 o - a wand of paralysis (7/24)
 A - a wand of acid (12/15)
 G - a wand of teleportation (6/9)
 J - a wand of lightning (7/15)
 N - a wand of lightning (7/15)
 O - a wand of flame (1/48)
 T - a wand of iceblast (3/15)
Scrolls
 g - 5 scrolls of identify
 h - 5 scrolls of remove curse
 j - a scroll of enchant weapon
 m - 5 scrolls of teleportation
 q - 5 scrolls of enchant armour
 r - 4 scrolls of blinking
 v - 3 scrolls of fear
 P - a scroll of summoning
 V - 2 scrolls of magic mapping
 W - 3 scrolls of fog
Potions
 b - a potion of flight {unknown}
 d - a potion of might
 e - 7 potions of agility
 l - a potion of resistance {unknown}
 n - 3 potions of heal wounds
 p - 5 potions of brilliance
 s - 7 potions of curing
 t - 3 potions of haste
 x - 2 potions of ambrosia
 z - 2 potions of cure mutation
 B - a potion of magic
 F - a potion of cancellation
 K - a potion of lignification
 Q - a potion of berserk rage
Comestibles
 f - 8 bread rations
 u - 4 meat rations
 H - 4 slices of pizza


   Skills:
 + Level 12.7(17.7) Fighting
 * Level 15.7(20.7) Maces & Flails
 + Level 12.7(17.7) Armour
 + Level 4.1(9.1) Dodging
 + Level 6.5(11.5) Shields
 + Level 6.0 Invocations


You had 10 spell levels left.
You knew the following spells:

 Your Spells              Type           Power        Failure   Level  Hunger
a - Regeneration          Chrm/Necr      #.........   100%        3    ####...


Dungeon Overview and Level Annotations

Branches:
Dungeon (11/15)            Temple (0/1) D:5            Lair (6/6) D:8
 Shoals (0/4) Lair:3       Spider (0/4) Lair:3        Slime (0/5) Lair:6
    Orc (0/2) D:11

Altars:
Ashenzari
Dithmenos
Elyvilon
Fedhas
Gozag
Makhleb
Nemelex Xobeh
Okawaru
Ru
Trog
Vehumet
Xom
Yredelemnul
Zin
The Shining One

Annotations:
Lair:6 exclusion: oklob plant


Innate Abilities, Weirdness & Mutations

You are resistant to torment.
Your stone body is resilient. (AC +9)
You are immune to poison.
Your large and strong wings let you fly indefinitely.
You resist negative energy. (rN+)
You are resistant to electric shocks. (rElec)
You can survive without breathing.
You are immune to petrification.
You are immune to rotting.
You are partially covered in molten scales. (AC +2)
You are extremely frail. (-30% HP)


Message History

You impale the oklob plant!!
The oklob plant is severely damaged.
The oklob plant spits acid at you. The splash of acid hits you!
You are splashed with acid!
The acid burns!
You hit the oklob plant.
The oklob plant is severely damaged.
The oklob plant spits acid at you. The splash of acid hits you!
The acid corrodes you!
You are splashed with acid!
The acid burns!
* * * LOW HITPOINT WARNING * * *
You puncture the oklob plant!
You destroy the oklob plant!
Okawaru accepts your kill. The oklob plant spits acid at you.
The splash of acid hits you!
You are splashed with acid!
The acid burns!
* * * LOW HITPOINT WARNING * * *
The oklob plant spits acid at you. The splash of acid hits you!
The acid corrodes you!
You are splashed with acid!
The acid burns!
You die...

...P# ##............# †...##
#.............# .....# ##
##.........#.## .....#
#.###......|...#.## .....#
#....#............# ....##
##................## ....#
#.................# #.###
#................## ....#
#..@>=..........## #...#
#..P..%......[.#.## ....#
#..................# #####
##P............P.### ..###
###...........P.# ...P#
###............P# ###.#
##(#......$.....P## #
###########.#...........<...#
##..#...##................##


You could see an oklob plant.

Vanquished Creatures
  Gastronok (D:9)
  A fire dragon (Lair:6)
  A catoblepas (Lair:2)
  7 hydras
  7 death yaks
  2 lindwurms (Lair:6)
  A hill giant (D:10)
  An ugly thing (D:10)
  An oklob plant (Lair:6)
  A torpor snail (Lair:6)
  Maurice (D:8)
  4 black mambas
  Joseph (D:9)
  3 elephants (Lair:6)
  A siren (Lair:3)
  9 spiny frogs
  14 komodo dragons
  4 rime drakes
  2 polar bears
  2 tyrant leeches (Lair:6)
  2 dream sheep (Lair:6)
  19 blink frogs
  10 hippogriffs
  3 redbacks (Lair:3)
  3 wyverns
  15 yaks
  7 basilisks
  Eustachio (D:5)
  Grum (D:9)
  2 steam dragons (Lair:6)
  A mottled dragon (Lair:6)
  2 wargs (D:9)
  A swamp worm (Lair:6)
  10 water moccasins
  8 porcupines
  4 ice beasts
  3 orc warriors
  2 swamp drakes (Lair:6)
  A sky beast (D:6)
  A wasp (D:9)
  A necrophage (D:7)
  2 phantoms
  An eye of draining (D:9)
  13 wolves
  6 ogres
  4 centaurs
  12 crocodiles
  Blork the orc (D:6)
  15 bullfrogs
  2 gnoll sergeants
  7 scorpions
  4 killer bees (D:8)
  4 wights (D:7)
  A howler monkey (D:6)
  A centaur zombie (D:7)
  6 crimson imps
  A bullfrog zombie (D:5)
  A quasit (D:9)
  6 jellies
  6 orc priests
  3 centaur skeletons
  A bullfrog skeleton (D:7)
  7 hounds
  10 orc wizards
  Crazy Yiuf (D:5)
  8 iguanas
  4 hell rats (Lair:4)
  9 worker ants
  A killer bee zombie (D:9)
  10 gnolls
  15 adders
  33 river rats
  3 shadow imps
  2 oozes (D:1)
  An adder zombie (D:5)
  4 worms
  A dart slug (D:1)
  42 orcs
  3 ball pythons
  3 giant cockroaches
  8 goblins
  7 hobgoblins
  5 jackals
  4 kobolds
  8 quokkas
  7 bats
  A frilled lizard (D:2)
  A leopard gecko zombie (D:7)
  2 quokka skeletons
  8 rats
  A plant (Lair:6)
467 creatures vanquished.

Vanquished Creatures (others)
  A swamp drake (Lair:6)
  An orc wizard (D:5)
  15 fungi
  7 plants (Lair:6)
24 creatures vanquished.

Grand Total: 491 creatures vanquished

Notes
Turn   | Place    | Note
-------+----------+-------------------------------------------
     0 | D:1      | dobroeutro the Gargoyle Fighter began the quest for the Orb.
     0 | D:1      | Reached XP level 1. HP: 14/14 MP: 1/1
    77 | D:1      | Reached XP level 2. HP: 18/19 MP: 2/2
   151 | D:1      | Reached XP level 3. HP: 23/24 MP: 3/3
   242 | D:1      | Reached skill level 3 in Maces & Flails
   558 | D:2      | Reached XP level 4. HP: 29/29 MP: 4/4
   569 | D:2      | Found a shadowy altar of Dithmenos.
  1465 | D:4      | Reached XP level 5. HP: 30/34 MP: 5/5
  1524 | D:4      | Reached skill level 4 in Maces & Flails
  1715 | D:4      | Noticed an ogre
  1720 | D:5      | Entered Level 5 of the Dungeon
  1723 | D:5      | Noticed an ice beast
  1743 | D:5      | Killed an ice beast
  1743 | D:5      | Reached XP level 6. HP: 30/40 MP: 6/6
  1757 | D:5      | Found a glowing silver altar of Zin.
  1757 | D:5      | Found a shimmering altar of Xom.
  1757 | D:5      | Noticed an angel
  1779 | D:5      | Noticed Eustachio
  1815 | D:4      | Reached skill level 5 in Fighting
  1907 | D:4      | Found an opulent altar of Gozag.
  1930 | D:4      | Noticed a water moccasin
  1952 | D:4      | Killed a water moccasin
  1952 | D:4      | Reached skill level 5 in Maces & Flails
  1952 | D:4      | Reached skill level 5 in Armour
  1952 | D:4      | Reached XP level 7. HP: 31/44 MP: 7/7
  1956 | D:4      | Found a bloodstained altar of Trog.
  2143 | D:4      | Noticed a moth of wrath
  2146 | D:4      | Found a bloodstained altar of Trog.
  2407 | D:5      | Killed Eustachio
  2690 | D:5      | Reached skill level 6 in Maces & Flails
  2695 | D:5      | Found a runed door.
  2769 | D:5      | Reached XP level 8. HP: 49/51 MP: 8/8
  2794 | D:5      | Found a shadowy altar of Dithmenos.
  2794 | D:5      | Found a sacrificial altar of Ru.
  2799 | D:5      | Found an iron altar of Okawaru.
  2799 | D:5      | Found a sparkling altar of Nemelex Xobeh.
  2882 | D:5      | Became a worshipper of Warmaster Okawaru
  2911 | D:5      | Found a burning altar of Makhleb.
  2923 | D:5      | Found a staircase to the Ecumenical Temple.
  3042 | D:5      | Found a glowing golden altar of the Shining One.
  3051 | D:5      | Found a basalt altar of Yredelemnul.
  3218 | D:5      | Reached skill level 7 in Maces & Flails
  3355 | D:5      | Reached * piety under Okawaru
  3473 | D:5      | Noticed an angel
  3543 | D:5      | Noticed Crazy Yiuf
  3554 | D:5      | Killed Crazy Yiuf
  3698 | D:6      | Found a blossoming altar of Fedhas.
  3762 | D:6      | Noticed Blork the orc
  3791 | D:6      | Killed Blork the orc
  3798 | D:6      | Reached skill level 8 in Maces & Flails
  3845 | D:6      | Reached XP level 9. HP: 36/56 MP: 9/9
  3901 | D:6      | Found a white marble altar of Elyvilon.
  4166 | D:6      | Reached ** piety under Okawaru
  4336 | D:7      | Reached skill level 9 in Maces & Flails
  4837 | D:7      | Reached *** piety under Okawaru
  5150 | D:8      | Reached skill level 10 in Maces & Flails
  5156 | D:8      | Reached XP level 10. HP: 55/64 MP: 10/10
  5289 | D:8      | Found a staircase to the Lair.
  5515 | D:9      | Noticed Joseph
  5534 | D:9      | Killed Joseph
  5534 | D:9      | Reached **** piety under Okawaru
  5536 | D:9      | Found a shattered altar of Ashenzari.
  5626 | D:9      | Reached skill level 11 in Maces & Flails
  5907 | D:9      | Noticed Gastronok
  5925 | D:9      | Killed Gastronok
  5925 | D:9      | Reached ***** piety under Okawaru
  5925 | D:9      | Reached XP level 11. HP: 36/72 MP: 9/11
  6115 | D:9      | Noticed Grum
  6135 | D:9      | Reached skill level 12 in Maces & Flails
  6143 | D:9      | Killed Grum
  6335 | D:10     | Entered Level 10 of the Dungeon
  6390 | D:8      | Noticed Maurice
  6476 | D:8      | Killed Maurice
  6569 | D:8      | Found a radiant altar of Vehumet.
  6569 | D:8      | Found a burning altar of Makhleb.
  6770 | D:8      | Reached skill level 10 in Fighting
  7289 | D:10     | Reached skill level 10 in Armour
  7660 | D:10     | Noticed a hill giant
  7670 | D:10     | Killed a hill giant
  7897 | D:11     | Noticed a green ugly thing
  7941 | D:10     | Killed a green ugly thing
  7948 | D:10     | Gained mutation: You are frail. (-10% HP) [mutagenic meat]
  7948 | D:10     | Gained mutation: You tend to lose your temper in combat. [potion of mutation]
  7948 | D:10     | Lost mutation: You tend to lose your temper in combat. [potion of mutation]
  7948 | D:10     | Gained mutation: You are very frail. (-20% HP) [potion of mutation]
  7949 | D:10     | Gained mutation: You are partially covered in molten scales. (AC +2) [potion of mutation]
  7949 | D:10     | Gained mutation: Your mind is acute. (Int +2) [potion of mutation]
  7949 | D:10     | Gained mutation: You are extremely frail. (-30% HP) [potion of mutation]
  8040 | D:11     | Found a staircase to the Orcish Mines.
  8184 | D:11     | Got a brightly glowing falchion
  8185 | D:11     | Identified the +3 falchion of Amorality {slice, +Inv MR+} (You found it on level 11 of the Dungeon)
  8387 | D:11     | Noticed a five-headed hydra
  8393 | D:11     | Killed a five-headed hydra
  8715 | Lair:1   | Entered Level 1 of the Lair of Beasts
  8841 | Lair:1   | Reached skill level 13 in Maces & Flails
  8869 | Lair:1   | Reached ****** piety under Okawaru
  8890 | Lair:1   | Received a gift from Okawaru
  8893 | Lair:1   | Got a spiked hat {god gift}
  8909 | Lair:1   | Identified the +0 hat "Imoduat" {rF- Regen+ Str+4} (Okawaru gifted it to you on level 1 of the Lair of Beasts)
  9210 | Lair:1   | Found a labyrinth entrance.
  9273 | Lair:1   | Noticed an eight-headed hydra
  9280 | Lair:1   | Killed an eight-headed hydra
  9280 | Lair:1   | Reached XP level 12. HP: 27/55 MP: 7/12
  9842 | Lair:1   | Noticed a seven-headed hydra
  9855 | Lair:1   | Killed a seven-headed hydra
  9973 | Lair:2   | Noticed a catoblepas
  9993 | Lair:2   | Killed a catoblepas
 10349 | Lair:2   | Noticed a five-headed hydra
 10367 | Lair:2   | Killed a five-headed hydra
 10367 | Lair:2   | Reached skill level 14 in Maces & Flails
 10562 | Lair:2   | Reached skill level 1 in Invocations
 10829 | Lair:3   | Noticed a death yak
 10830 | Lair:3   | Noticed a death yak
 10830 | Lair:3   | Noticed a death yak
 10924 | Lair:3   | Reached skill level 1 in Dodging
 11119 | Lair:3   | Noticed a death yak
 11134 | Lair:3   | Killed a death yak
 11134 | Lair:3   | Received a gift from Okawaru
 11146 | Lair:3   | Killed a death yak
 11149 | Lair:3   | Killed a death yak
 11149 | Lair:3   | Reached XP level 13. HP: 38/59 MP: 10/15
 11423 | Lair:3   | Found a hole to the Spider Nest.
 11508 | Lair:3   | Found a staircase to the Shoals.
 11788 | Lair:4   | Received a gift from Okawaru
 11804 | Lair:4   | Reached skill level 5 in Shields
 12664 | Lair:5   | Reached skill level 15 in Maces & Flails
 12790 | Lair:5   | Lost mutation: Your mind is acute. (Int +2) [potion of mutation]
 13547 | Lair:6   | Entered Level 6 of the Lair of Beasts
 13552 | Lair:6   | Found a staircase to the Slime Pits.
 13669 | Lair:6   | Reached skill level 5 in Invocations
 13774 | Lair:6   | Learned a level 3 spell: Regeneration
 13792 | Lair:6   | Received a gift from Okawaru
 13845 | Lair:6   | Noticed a fire dragon
 13855 | Lair:6   | Killed a fire dragon
 14050 | Lair:6   | Gained mutation: Your large and strong wings let you fly indefinitely. [Gargoyle growth]
 14050 | Lair:6   | Reached XP level 14. HP: 47/64 MP: 12/18
 14552 | Lair:6   | Received a gift from Okawaru
 14951 | Lair:6   | Splashed by an oklob plant's acid

Vault maps used:
D:1:      dpeg_arrival_radiant, solitary_fountain,
          minmay_misc_feat_four_crosses, kennysheep_doodads,
          roderic_serpentine_path
D:2:      first_bread, grunt_dithmenos_smoke
D:3:      nrook_uturn
D:4:      lemuel_round_altar, kennysheep_little_box, tgw_trog
D:5:      old_forge, grunt_temple_overflow_holy_war,
          grunt_temple_overflow_order_and_chaos_1,
          grunt_temple_overflow_cloverleaf, basic_altar,
          uniq_crazy_yiuf_cottage, uniq_eustachio
D:6:      kennysheep_spiral_hall, kennysheep_mini, lemuel_crystal_altar,
          uniq_blork_the_orc
D:8:      grunt_temple_overflow_lords_of_destruction, erik_lair_orcish_takeover,
          uniq_maurice
D:9:      lemuel_crystal_altar, uniq_grum, uniq_joseph, uniq_gastronok
D:11:     orc_0_dummy
Lair:1:   lab_entry_generic
Lair:3:   minmay_shoals_entry_lonely_mermaid, spider_nest_entry_funnel_web,
          small_statue_intersection, st_stairs_12, grunt_megastairs_3
Lair:6:   guppyfry_lair_end_dragon, hangedman_lair_in_review,
          minmay_slime_entry_oklob_open

Skill      XL: |  1  2  3  4  5  6  7  8  9 10 11 12 13 14 |
---------------+-------------------------------------------+-----
Maces & Flails | 3 4 5 6 8 10 11 13 14 15 | 15.7
Fighting       | 4 5 6 8 9 10 11 12 | 12.7
Armour         | 4 5 6 8 9 10 11 12 | 12.7
Invocations    | 3 5 6 |  6.0
Dodging        | 2 3 4 |  4.1
Shields        | 4 5 6 |  6.5

Action                   |  1- 3 |  4- 6 |  7- 9 | 10-12 | 13-15 || total
-------------------------+-------+-------+-------+-------+-------++-------
Melee: Flail             |    80 |   176 |    10 |       |       ||   266
       Morningstar       |       |       |   368 |   803 |   551 ||  1722
Invok: Heroism           |       |       |       |     1 |     5 ||     6
  Use: Scroll            |       |       |     1 |    18 |    14 ||    33
       Potion            |       |       |       |     2 |     2 ||     4
 Stab: Petrified         |       |       |       |     2 |       ||     2
       Confused          |       |       |       |       |     1 ||     1
  Eat: Chunk             |       |     4 |    10 |    19 |     7 ||    40
       Fruit             |       |       |       |     4 |     1 ||     5
       Bread ration      |       |       |       |       |     1 ||     1
Armor: Scale mail        |    39 |    91 |   193 |   585 |   168 ||  1076
       Ring mail         |       |       |       |       |    58 ||    58
Dodge: Dodged            |    27 |    36 |    93 |   210 |   166 ||   532
Block: Shield            |    36 |    81 |   153 |   462 |   276 ||  1008
